 Dungeon Crawl Stone Soup version 0.30-b1-2-g02819fbbbe (webtiles) character file.

Game seed: 3409402261245282546

76 manyhoops the Digger (level 3, -5/26 HPs)
             Began as a Demigod Earth Elementalist on Nov 17, 2023.
             Slain by Terence
             ... wielding a +2 trident of venom
              (8 damage)
             ... on level 2 of the Dungeon.
             The game lasted 00:02:32 (1929 turns).

manyhoops the Digger (Demigod Earth Elementalist)   Turns: 1929, Time: 00:02:32

Health: -5/26      AC:  3    Str:  9    XL:     3   Next: 89%
Magic:  6/8        EV: 12    Int: 21    God:
Gold:   127        SH:  0    Dex: 14    Spells: 0/6 levels left

rFire   + . .        (no weapon)
rCold   + . .        (no shield)
rNeg    . . .        a - +0 robe
rPois   .            l - +0 helmet
rElec   .            n - scarf {rC+ rF+}
rCorr   .            (no gloves)
SInv    .            (no boots)
Will    .....        (no amulet)
Stlth   ++           (no ring)
HPRegen 0.24/turn    (no ring)
MPRegen 0.11/turn

%: no passive effects
@: lethally poisoned (-5 -> -15)
A: high MP 1, forlorn, divine attributes
a: no special abilities


You were on level 2 of the Dungeon.
You visited 1 branch of the dungeon, and saw 2 of its levels.

You collected 127 gold pieces.

Inventory:

Armour
 a - a +0 robe (worn)
 l - a +0 helmet (worn)
 n - a scarf of resistance (worn)
Scrolls
 c - a scroll of enchant armour {unknown}
 d - a scroll of enchant weapon {unknown}
 e - 2 scrolls of noise
 h - 3 scrolls of identify {unknown}
 j - a scroll of vulnerability {unknown}
 m - a scroll of poison {unknown}
Potions
 b - 2 potions of magic
 f - a potion of flight {unknown}
 i - a potion of heal wounds
 k - a potion of curing {unknown}


   Skills:
 - Level 1.7 Dodging
 - Level 1.7 Stealth
 - Level 2.1 Spellcasting
 - Level 0.8 Transmutations
 + Level 4.3 Earth Magic


You couldn't memorise any spells.
You knew the following spells:

 Your Spells              Type           Power      Damage    Failure   Level
a - Sandblast             Erth           40%        2d10      2%          1
b - Passwall              Tmut/Erth      10%        N/A       8%          2
c - Stone Arrow           Conj/Erth      22%        3d8       19%         3

Your spell library contained the following spells:

 Spells                   Type           Power      Damage    Failure   Level
 Lesser Beckoning         Tloc           4%         N/A       22%         2
 Gell's Gravitas          Tloc           2%         N/A       41%         3
 Teleport Other           Tloc           2%         N/A       41%         3
 Petrify                  Tmut/Erth      13%        N/A       45%         4


Dungeon Overview and Level Annotations

Branches:
Dungeon (2/15)

Shops:
D:2 (

Annotations:
D:2 Terence


Innate Abilities, Weirdness & Mutations

You have an increased reservoir of magic. (+10% MP)
You shall have no god before yourself.
Your divine heritage dramatically boosts your attributes as you level up.


Message History

As you read the scroll labelled LYPYAGE JOCVOCH, it crumbles to dust.
You hear a loud clanging noise!
It was a scroll of noise.
You feel sick. Terence hits you but does no damage.
You are more poisoned.
As you read the scroll labelled ULAMYI JUHOD, it crumbles to dust.
You feel aware of your surroundings.
It was a scroll of magic mapping.
You feel very sick.
Terence hits you from afar with a +2 trident of venom!
You are more poisoned.
It was a potion of heal wounds.
You feel much better.
You feel very sick.
Terence hits you from afar with a +2 trident of venom.
You feel very sick. Terence screams, "I want your blood!"
You feel very sick.
You feel very sick.
Your magical contamination has completely faded away.
You feel much better.
You feel sick.
Terence hits you from afar with a +2 trident of venom.
You feel sick.
You feel sick.
You feel sick.
You feel sick.
You feel sick.
You feel sick.
You feel sick.
You are no longer poisoned.
Casting: Sandblast (safe; 2% risk of failure)
Confirm with . or Enter, or press ? or * to list all spells.
Aiming: Passwall (safe; 8% risk of failure)
Press: ? - help, Dir - move target, p - Terence A rock wall.
Terence hits you from afar with a +2 trident of venom!
* * * LOW HITPOINT WARNING * * *
You are lethally poisoned!
You begin to meditate on the wall.
You continue meditating on the rock.
* * * LOW HITPOINT WARNING * * *
You feel very sick.
Terence hits you from afar with a +2 trident of venom!
You die...

,,,,...<..........)....########..
,,,,.........###.##....# ######..
,,,,,...##.#..,#.##..### #......#
,,,,,,,,*#.##*,#.##..# #.####.#
,,,,,,,,**,,,,,#.##..# *,* #.#
**************,#.##..# *,* #.#
*,#.....# *,* #.# #######.# *,*
#.. #..@....# *,* ###
#@###########,* # #.#..........,*
# #.#.#########** #.#@# #.#.#
#...# #####


You could see Terence.

Vanquished Creatures
  Robin (D:1)
  An adder (D:2)
  A worm (D:2)
  4 ball pythons
  3 endoplasms (D:1)
  3 giant cockroaches (D:1)
  10 goblins
  6 hobgoblins
  2 jackals (D:1)
  A quokka (D:1)
  A bat (D:1)
  4 frilled lizards
  6 kobolds
  6 rats (D:1)
49 creatures vanquished.

Notes
Turn   | Place    | Note
-------+----------+-------------------------------------------
     0 | D:1      | manyhoops the Demigod Earth Elementalist began the quest
                  | for the Orb.
     0 | D:1      | Reached XP level 1. HP: 14/14 MP: 5/5
   166 | D:1      | Reached skill level 3 in Earth Magic
   291 | D:1      | Reached XP level 2. HP: 20/20 MP: 4/7
  1072 | D:2      | Noticed Robin
  1159 | D:1      | Killed Robin
  1160 | D:1      | Reached XP level 3. HP: 10/26 MP: 0/8
  1493 | D:2      | Found Kuazedol's Weapon Shoppe.
  1501 | D:2      | Reached skill level 4 in Earth Magic
  1580 | D:2      | Learned a level 2 spell: Passwall
  1584 | D:2      | Learned a level 3 spell: Stone Arrow
  1907 | D:2      | Noticed Terence
  1929 | D:2      | Slain by Terence

Illustrated notes

Levels and vault maps discovered:
D:1:      dpeg_arrival_water_altar, layout_basic, skrybe_limestone_x,
          serial_park_tiny_1
D:2:      layout_basic, serial_shops, shop, roderic_roman_lattice,
          hex_intersection, uniq_robin, uniq_terence

Skill      XL: |  1  2  3 |
---------------+----------+-----
Earth Magic    | 3 4 |  4.3
Spellcasting   | 2 |  2.1
Dodging        | |  1.7
Stealth        | |  1.7
Transmutations | |  0.8

Action                     || total
---------------------------++-------
  Melee: Unarmed           ||     2
   Cast: Sandblast         ||    67
         Passwall          ||     1
    Use: Scroll            ||     2
         Potion            ||     2
 Armour: Robe              ||    11
  Dodge: Dodged            ||    24
